 Dungeon Crawl Stone Soup version 0.30-a0-956-gcec3b41aec (webtiles) character file.

Game seed: 8239965512083059693

1866 dredge the Carver (level 9, 0/68 HPs)
             Began as a Human Berserker on Mar 30, 2023.
             Was a Priest of Trog.
             Slain by Duvessa
             ... wielding a +0 rapier
              (14 damage)
             ... on level 7 of the Dungeon.
             The game lasted 00:19:04 (5669 turns).

dredge the Carver (Human Berserker)                 Turns: 5669, Time: 00:19:05

Health: 0/68       AC: 10    Str: 20    XL:     9   Next: 35%
Magic:  9/9        EV: 17    Int:  8    God:    Trog [***...]
Gold:   455        SH: 10    Dex: 20    Spells: 8/8 levels left

rFire   . . .      SeeInvis .    y - +3 scimitar
rCold   . . .      Faith    .    D - +0 buckler
rNeg    . . .      Spirit   .    c - +0 scale mail
rPois   .          Reflect  +    (no helmet)
rElec   .          Rampage  .    M - +0 cloak {Will+}
rCorr   .                        (no gloves)
Will    +....                    n - +0 pair of boots
Stlth   +                        m - amulet of reflection
HPRegen 0.31/turn                x - +5 ring of evasion
MPRegen 0.11/turn                F - +6 ring of dexterity

@: on berserk cooldown, slowed, very slow
A: no striking features
a: Renounce Religion, Berserk, Trog's Hand


You were on level 7 of the Dungeon.
You worshipped Trog.
Trog was most pleased with you.
You visited 1 branch of the dungeon, and saw 7 of its levels.

You collected 455 gold pieces.

Inventory:

Hand Weapons
 y - a +3 scimitar (weapon)
 I - a +3 long sword
 J - a +4 great sword
 L - a +2 quarterstaff of chaos
 O - a +2 war axe of flaming
Missiles
 h - 9 javelins (quivered)
 H - 3 poisoned darts
 P - 4 atropa-tipped darts
Armour
 c - a +0 scale mail (worn)
 n - a +0 pair of boots (worn)
 D - a +0 buckler (worn)
 M - a +0 cloak of willpower (worn)
Jewellery
 m - an amulet of reflection (around neck)
 x - a +5 ring of evasion (left hand)
 F - a +6 ring of dexterity (right hand)
Wands
 B - a wand of mindburst (30)
 C - a wand of iceblast (12)
Scrolls
 a - a scroll of vulnerability {unknown}
 d - a scroll of poison {unknown}
 e - 2 scrolls of enchant armour
 i - 6 scrolls of teleportation
 j - 2 scrolls of fear {unknown}
 o - a scroll of blinking {unknown}
 q - 2 scrolls of noise {unknown}
 t - a scroll of brand weapon {unknown}
 v - 4 scrolls of identify
 w - a scroll of enchant weapon {unknown}
 E - a scroll of immolation {unknown}
 G - a scroll of silence {unknown}
Potions
 b - a potion of flight {unknown}
 f - a potion of cancellation
 g - a potion of attraction
 k - 4 potions of curing
 l - a potion of invisibility {unknown}
 p - a potion of heal wounds {unknown}
 r - a potion of brilliance {unknown}
 s - 3 potions of haste {unknown}
 u - 4 potions of berserk rage
 z - 2 potions of lignification {unknown}
 A - a potion of mutation {unknown}
 K - a potion of magic {unknown}
 N - a potion of ambrosia {unknown}


   Skills:
 + Level 5.2 Fighting
 + Level 8.2 Long Blades
 + Level 0.2 Throwing
 + Level 5.7 Armour
 + Level 4.0 Dodging
 + Level 1.2 Stealth
 + Level 3.0 Shields


You had 8 spell levels left.
You didn't know any spells.
Your spell library contained the following spells:

 Spells                   Type           Power      Damage    Failure   Level
 Freeze                   Ice            0%         1d3       83%         1
 Frozen Ramparts          Ice            0%         1d1       99%         3
 Hailstorm                Conj/Ice       0%         3d3       99%         3
 Ozocubu's Armour         Ice            0%         N/A       99%         3
 Metabolic Englaciation   Hex/Ice        0%         N/A       100%        5
 Simulacrum               Ice/Necr       0%         N/A       100%        6


Dungeon Overview and Level Annotations

Branches:
Dungeon (7/15)             Temple (0/1) D:4

Altars:
Ashenzari
Dithmenos
Fedhas
Kikubaaqudgha
Makhleb
Nemelex Xobeh
Uskayaw
Vehumet
Wu Jian
The Shining One

Shops:
D:4 (   D:5 [

Annotations:
D:7 Duvessa


Message History

Dowan blinks!
Your Stealth skill increases to level 1!
You closely miss Menkaure. You slash Menkaure!
Menkaure is heavily damaged.
Menkaure casts a spell at you.
You easily resist.
You slash Menkaure!
Menkaure is almost destroyed.
Dowan smirks and points a slender finger.
You slash Menkaure!
You destroy Menkaure!
Trog accepts your kill.
Trog appreciates your killing of a magic user.
Your Dodging skill increases to level 4!
Your Shields skill increases to level 3!
You feel a strong urge to attack something.
Dowan hits you but does no damage.
You slash Dowan!
You kill Dowan!
Trog accepts your kill.
Trog appreciates your killing of a magic user.
You hear a distant scream of rage.
You are no longer berserk.
You are exhausted.
You feel yourself slow down.
There is an open door, spattered with blood here.
Things that are here:
a +0 dagger; a +0 robe; the elf corpse of Dowan You start resting.
Duvessa is nearby!
Duvessa is nearby!
Duvessa shouts!
Duvessa goes berserk!
Duvessa hits you with a +0 rapier. Duvessa hits you with a +0 rapier!
* * * LOW HITPOINT WARNING * * *
You slice Duvessa!!
Duvessa is moderately wounded.
Duvessa barely misses you. Duvessa hits you with a +0 rapier!
You die...

##.##....#####..
#..............# ####
#..#######.).... #... #..#
####'###.# #... #..#
#.(...##.# #... #..#
#.....##.. #... #..#
#....[####
#...#######..#######......
+...)...e@................
#...#######...............
#..... #.#######.....##
#..... #.# #.....# #.....
#.# #.....## #..... #.#
#......# ....... +.#
#....... ....... ###
#.....## #.....##


You could see Duvessa (berserk).

Vanquished Creatures
  Maggie (D:7)
  A troll (D:6)
  Menkaure (D:7)
  A water moccasin (D:6)
  A black bear (D:5)
  3 ogres
  A scorpion (D:6)
  5 wights (D:6)
  Dowan (D:7)
  A howler monkey (D:7)
  A jelly (D:6)
  2 hounds
  Crazy Yiuf (D:6)
  2 sleepcaps
  2 iguanas
  An orc wizard (D:7)
  8 adders
  A shadow imp (D:6)
  An ufetubus (D:7)
  2 worms
  3 dart slugs
  18 orcs
  6 endoplasms
  6 goblins
  12 hobgoblins
  2 quokkas (D:2)
  12 ball pythons
  9 bats
  5 frilled lizards
  7 kobolds
  6 rats
123 creatures vanquished.

Notes
Turn   | Place    | Note
-------+----------+-------------------------------------------
     0 | D:1      | dredge the Human Berserker began the quest for the Orb.
     0 | D:1      | Reached XP level 1. HP: 18/18 MP: 1/1
   153 | D:1      | Reached XP level 2. HP: 11/24 MP: 2/2
   602 | D:1      | Reached XP level 3. HP: 20/29 MP: 3/3
  1097 | D:2      | Found a faded altar of an unknown god.
  1134 | D:2      | Reached ** piety under Trog
  1216 | D:2      | Reached XP level 4. HP: 35/35 MP: 4/4
  1848 | D:3      | Found an ancient bone altar of Kikubaaqudgha.
  1850 | D:3      | Found a glowing golden altar of the Shining One.
  1976 | D:3      | Reached XP level 5. HP: 39/41 MP: 5/5
  2080 | D:3      | Found a radiant altar of Vehumet.
  2332 | D:3      | Reached skill level 4 in Long Blades
  2463 | D:4      | Found a sparkling altar of Nemelex Xobeh.
  2623 | D:4      | Found a blossoming altar of Fedhas.
  2706 | D:4      | Found Guoneqi's Weapon Boutique.
  2780 | D:4      | Reached XP level 6. HP: 45/48 MP: 6/6
  2780 | D:4      | Reached *** piety under Trog
  2966 | D:4      | Found a staircase to the Ecumenical Temple.
  2975 | D:4      | Noticed an ogre
  2983 | D:4      | Killed an ogre
  3087 | D:4      | Found a hide-covered altar of Uskayaw.
  3087 | D:4      | Noticed an ogre
  3097 | D:4      | Killed an ogre
  3098 | D:4      | Reached skill level 5 in Long Blades
  3098 | D:4      | Reached XP level 7. HP: 38/53 MP: 7/7
  3219 | D:5      | Entered Level 5 of the Dungeon
  3225 | D:5      | Reached skill level 1 in Shields
  3400 | D:5      | Found a shadowy altar of Dithmenos.
  3475 | D:5      | Identified the +0 robe "Kephuty" {rElec}
  3542 | D:5      | Found Ireuriho's Antique Armour Emporium.
  3581 | D:5      | Reached skill level 6 in Long Blades
  3629 | D:5      | Found an ornate altar of the Wu Jian Council.
  3991 | D:6      | Found a burning altar of Makhleb.
  4076 | D:6      | Noticed a troll
  4088 | D:6      | Killed a troll
  4089 | D:6      | Reached XP level 8. HP: 20/61 MP: 8/8
  4543 | D:6      | Found a broken altar of Ashenzari.
  4865 | D:6      | Reached skill level 5 in Armour
  4869 | D:6      | Reached skill level 7 in Long Blades
  5054 | D:6      | Found a runed translucent door.
  5055 | D:6      | Noticed Crazy Yiuf
  5264 | D:6      | Killed Crazy Yiuf
  5265 | D:6      | Reached XP level 9. HP: 51/67 MP: 1/9
  5400 | D:7      | Noticed Maggie
  5414 | D:7      | Killed Maggie
  5415 | D:7      | Reached skill level 5 in Fighting
  5415 | D:7      | Reached skill level 8 in Long Blades
  5636 | D:7      | Noticed Menkaure
  5636 | D:7      | Noticed Dowan
  5636 | D:7      | Noticed Duvessa
  5650 | D:7      | Reached skill level 1 in Stealth
  5653 | D:7      | Killed Menkaure
  5656 | D:7      | Killed Dowan
  5669 | D:7      | Slain by Duvessa

Illustrated notes

Levels and vault maps discovered:
D:1:      dpeg_arrival_subterranean_lakeside_camping, layout_basic,
          minivault_11, minmay_tripent
D:2:      layout_loops_ring, basic_ecumenical_altar
D:3:      layout_rooms, mainiacjoe_overflow_chevrons,
          chequers_temple_overflow_statue_of_worship
D:4:      layout_rooms, fedhas_altar_2, mainiacjoe_overflow_alcove_2,
          nemelex_dance_club_becter, minmay_temple_entry_stoned_glass,
          serial_shops, nicolae_shop_bloodbath_and_beyond, minmay_between
D:5:      layout_rooms, amcnicky_altar_gilded,
          nicolae_dithmenos_through_a_glass_darkly, serial_shops,
          kennysheep_mini
D:6:      nicolae_cairo_tiling, layout_basic, mainiacjoe_overflow_boulevard,
          nicolae_ashenzari_skybound, minmay_microvault, uniq_crazy_yiuf_cottage
D:7:      layout_basic, mainiacjoe_overflow_alcove_4, uniq_menkaure,
          uniq_duvessa, uniq_maggie

Skill      XL: |  1  2  3  4  5  6  7  8  9 |
---------------+----------------------------+-----
Armour         | 3 4 5 |  5.7
Long Blades    | 4 5 6 7 8 |  8.2
Dodging        | 3 4 |  4.0
Shields        | 1 2 3 |  3.0
Fighting       | 4 5 |  5.2
Stealth        | 1 |  1.2
Throwing       | |  0.2

Action                     |  1- 3 |  4- 6 |  7- 9 || total
---------------------------+-------+-------+-------++-------
  Melee: Falchion          |   141 |   163 |       ||   304
         Punch             |     2 |       |       ||     2
         Scimitar          |       |    12 |   152 ||   164
  Throw: Dart              |       |       |     4 ||     4
         Javelin           |       |       |     2 ||     2
 Invoke: Berserk           |       |     2 |     3 ||     5
    Use: Scroll            |       |     5 |       ||     5
   Stab: Sleeping          |     1 |       |       ||     1
         Invisible         |       |       |     1 ||     1
 Armour: Animal skin       |    17 |       |       ||    17
         Scale mail        |    26 |    44 |    25 ||    95
  Dodge: Dodged            |    99 |    81 |    91 ||   271
  Block: Other             |       |    25 |    14 ||    39
         Reflection        |       |     1 |       ||     1
         Buckler           |       |       |    50 ||    50

Table legend: (Time is in decaauts)
 A = Elapsed time spent in this place.
 B = Non-inter-level travel time spent in this place.
 C = Inter-level travel time spent in this place.
 D = Time resting spent in this place.
 E = Time spent auto-exploring this place.
 F = Levels seen in this place.
 G = Mean time per level.
                   A        B        C        D        E       F      G
               +--------+--------+--------+--------+--------+-----+--------+
         Total |   5754 |   5374 |    380 |    257 |   4082 |   7 |  822.0 |
       Dungeon |   5754 |   5374 |    380 |    257 |   4082 |   7 |  822.0 |
               +--------+--------+--------+--------+--------+-----+--------+

Top non-repeatable levels by time:
     D:6: 1537 daAuts
     D:1: 909 daAuts
     D:4: 826 daAuts
     D:2: 777 daAuts
     D:3: 760 daAuts
     D:5: 661 daAuts
     D:7: 283 daAuts
